 Dungeon Crawl Stone Soup version 0.18.1-48-g4cf74bf (webtiles) character file.

41 Pumatyger the Charmwright (level 3, -3/32 HPs)
             Began as a Naga Skald on July 18, 2016.
             Slain by a gnoll
             ... wielding a +0 flail
              (9 damage)
             ... on level 2 of the Dungeon.
             The game lasted 00:09:42 (1541 turns).

Pumatyger the Charmwright (Naga Skald)              Turns: 1541, Time: 00:09:42

Health: -3/32      AC:  7    Str: 15    XL:     3   Next: 52%
Magic:  6/6        EV:  2    Int: 12    God:
Gold:   31         SH:  0    Dex: 10    Spells: 1 memorised, 5 levels left

rFire  . . .     SeeInvis +     o - +0 short sword
rCold  . . .     Gourm    .     v - +0 plate armour
rNeg   . . .     Faith    .     (no shield)
rPois  +         Spirit   .     (no helmet)
rElec  .         Dismiss  .     (no cloak)
rCorr  .         Reflect  .     n - +0 pair of gloves
SustAt +         Harm     .     (no barding)
MR     .....                    u - amulet of regeneration
Stlth  ..........               (no ring)
                                m - ring of sustain attributes

@: very slow, not resistant to hostile enchantments, extremely unstealthy
A: see invisible, deformed body, poison resistance, slowness 2, slow metabolism
1, spit poison 2, AC +1
a: Spit Poison


You were on level 2 of the Dungeon.
You were not hungry.

You visited 1 branch of the dungeon, and saw 2 of its levels.

You collected 31 gold pieces.

Inventory:

Hand Weapons
 a - a +0 hand axe
 e - a +0 club
 h - a +0 whip
 o - a +0 short sword (weapon)
 t - a +0 spear
Missiles
 i - 8 steel javelins
 j - 58 stones (quivered)
 p - 35 sling bullets
Armour
 b - a +0 leather armour
 n - a +0 pair of gloves (worn)
 q - a +0 chain mail
 s - a +0 ring mail
 v - a +0 plate armour (worn)
 x - a +0 centaur barding
Jewellery
 m - a ring of sustain attributes (left hand)
 u - an amulet of regeneration (around neck)
Scrolls
 f - a scroll of blinking
 k - 2 scrolls of identify
 l - a scroll of fear {unknown}
 w - a scroll of immolation {unknown}
Potions
 g - a potion of flight {unknown}
 r - a potion of degeneration {unknown}
 z - a potion of cure mutation {unknown}
Books
 c - a book of Battle

   Spells                             Type                      Level
   a - Infusion                       Charms                       1
   b - Shroud of Golubria             Charms/Translocation         2
   c - Song of Slaying                Charms                       2
   d - Spectral Weapon                Hexes/Charms                 3
   e - Regeneration                   Charms/Necromancy            3
Comestibles
 d - a bread ration


   Skills:
 + Level 2.2 Fighting
 + Level 0.2 Short Blades
 + Level 2.0 Axes
 + Level 1.4 Armour
 + Level 1.2 Dodging
 + Level 1.2 Stealth
 + Level 2.1 Spellcasting
 + Level 3.3 Charms


You had 5 spell levels left.
You knew the following spells:

 Your Spells              Type           Power        Failure   Level  Hunger
a - Infusion              Chrm           #...         100%        1    ##.....


Dungeon Overview and Level Annotations

Branches:
Dungeon (2/15)

Altars:


Innate Abilities, Weirdness & Mutations

You cannot wear boots.
Your serpentine skin is tough (AC +1).
You have supernaturally acute eyesight.
Armour fits poorly on your strangely shaped body.
Your system is resistant to poisons.
You cover ground very slowly.
You have a slow metabolism.
You can spit poison.


Message History

The gnoll is almost dead.
The gnoll hits you but does no damage.
You hit the gnoll.
You kill the gnoll!
Your Stealth skill increases to level 1!
You closely miss the gnoll.
The gnoll is moderately wounded.
The gnoll hits you with a flail.
The gnoll hits you from afar with a spear.
You completely miss the gnoll.
The gnoll is lightly wounded.
The gnoll hits you but does no damage. The gnoll barely misses you.
You closely miss the gnoll.
The gnoll is lightly wounded.
The gnoll hits you but does no damage. The gnoll hits you with a flail.
* * * LOW HITPOINT WARNING * * *
You hit the gnoll but do no damage.
The gnoll is lightly wounded.
The gnoll hits you but does no damage. The gnoll hits you with a flail!
You die...

#.......##.#####.#
#................#
##......##.#######
#.#######.# #. #.#
# #.# #.# #.# #@#
#g# #g# #g# #.#
#.# #.# #.#


You could see 3 gnolls.

Vanquished Creatures
  A gnoll (D:2)
  A worm (D:2)
  A giant gecko (D:1)
  A giant cockroach (D:2)
  3 goblins (D:1)
  4 hobgoblins
  3 jackals (D:1)
  4 kobolds
  A bat (D:1)
  2 giant newts (D:1)
  6 rats
27 creatures vanquished.

Notes
Turn   | Place    | Note
--------------------------------------------------------------
     0 | D:1      | Pumatyger the Naga Skald began the quest for the Orb.
     0 | D:1      | Reached XP level 1. HP: 19/19 MP: 3/3
   393 | D:1      | Reached XP level 2. HP: 16/26 MP: 5/5
   641 | D:1      | Reached skill level 1 in Dodging
   709 | D:1      | Reached skill level 1 in Armour
  1370 | D:2      | Reached XP level 3. HP: 30/32 MP: 6/6
  1537 | D:2      | Reached skill level 1 in Stealth
  1541 | D:2      | Slain by a gnoll

Skill      XL: |  1  2  3 |
---------------+----------+-----
Dodging        | 1 |  1.2
Armour         | 1 |  1.4
Stealth        | 1 |  1.2
Fighting       | |  2.2
Short Blades   | |  0.2
Axes           | |  2.0
Spellcasting   | |  2.1
Charms         | |  3.3

Action                   || total
-------------------------++-------
Melee: Hand axe          ||    20
       Short sword       ||   116
  Use: Scroll            ||     4
  Eat: Chunk             ||     1
Armor: Leather armour    ||     7
       Chain mail        ||    26
       Plate armour      ||    44
Dodge: Dodged            ||    33
